 Dungeon Crawl Stone Soup version 0.29-a0-243-g602b31c20e (webtiles) character file.

Game seed: 1885484688674466304

2 spaghetti the Insei (level 1, 10/16 HPs)
             Began as an Octopode Chaos Knight on Mar 4, 2022.
             Was a Plaything of Xom.
             Quit the game on level 1 of the Dungeon.
             The game lasted 00:00:20 (131 turns).

spaghetti the Insei (Octopode Chaos Knight)          Turns: 131, Time: 00:00:21

Health: 10/16      AC:  1    Str: 11    XL:     1   Next: 30%
Magic:  1/1        EV: 13    Int: 14    God:    Xom [..*...]
Gold:   33         SH:  0    Dex: 11    Spells: 0/0 levels left

rFire   . . .      SeeInvis .     - Unarmed
rCold   . . .      Faith    .   (no shield)
rNeg    . . .      Spirit   .   (helmet restricted)
rPois   .          Reflect  .   (no amulet)
rElec   .          Harm     .   (no ring)
rCorr   .          Rampage  .   (no ring)
Will    .....                   (no ring)
Stlth   ++........              (no ring)
HPRegen 0.05/turn               (no ring)
MPRegen 0.07/turn               (no ring)
                                (no ring)
                                (no ring)

@: no status effects
A: almost no armour, amphibious, 8 rings, camouflage 1, gelatinous body 1,
(nimble swimmer 1), tentacles
a: Renounce Religion


You were on level 1 of the Dungeon.
You worshipped Xom.
You were a toy of Xom.
You visited 1 branch of the dungeon, and saw 1 of its levels.

You collected 33 gold pieces.


Innate Abilities, Weirdness & Mutations

You cannot wear most types of armour.
You are amphibious.
You can wear up to eight rings at the same time.
Your skin changes colour to match your surroundings (Stealth+).
Your rubbery body absorbs attacks. (AC +1, EV +1)
((You are camouflaged when in or above water. (Stealth+)))
You have tentacles for arms and can constrict up to eight enemies at once.


   Skills:
 - Level 3.0 Fighting
 - Level 2.3 Dodging
 + Level 3.1 Unarmed Combat


You couldn't memorise any spells.
You didn't know any spells.
Your spell library was empty.

Inventory:

Missiles
 a - 4 stones (quivered) {throwing}

Dungeon Overview and Level Annotations

Branches:
Dungeon (1/15)

Altars:

#.≈?. P.≈..#.#. #.⌠P#
#.P...... #.⌠.#
#.≈..#.# #.≈.#
#P⌠..... #.≈.###P≈..#
#.P.....≈..#.
#.P≈..≈≈P.##.##
#######.....[...##..#
#...@...######..##...
...)!#####.# #.###.##
##. #.# #.# #.## #.#
#.###.## #.# #.......
#.# ####.[.. #.#
#..## .# #.## #.#


There were no monsters in sight!


Message History

🤖 Initializing magus.rc ...
Options error: Delay interrupt name "hungry" not recognised. (~/.crawlrc:4761) Options error: Bad monster_list_colour key: strict_neutral (~/.crawlrc:4776) ✅ Successfully initialized magus.rc [v1.9.6] Welcome, spaghetti the Octopode Chaos Knight.
They say the Orb of Zot lies within this dungeon, but they say a lot of things.
Xom says: A new plaything!
Press ? for a list of commands and other information.
Found a chain mail and 18 gold pieces.
Found two stairs.
You now have 18 gold pieces.
A kobold comes into view. It is wielding a +0 dagger.
A kobold is nearby!
A kobold is nearby!
A kobold is nearby!
You have 8 tentacles available for constriction.
Your movement speed is average.
Your attack delay is about 0.9.
The kobold shouts! "Let's try an experiment, hmmm?"
A monocle briefly appears over your left eye.
The kobold throws a stone.
The stone closely misses you.
The kobold hits you with a +0 dagger. 😕 HP[-2]
You take 2 damage, and now have 14/16 hp.
You tentacle-slap the kobold. Your grab misses the kobold.
The kobold hits you with a +0 dagger. 😮 HP[-3]
You take 3 damage, and now have 11/16 hp.
You are too injured to fight recklessly!
You are too injured to fight recklessly!
You are too injured to fight recklessly!
You are too injured to fight recklessly!
You are too injured to fight recklessly!
You are too injured to fight recklessly!
You are too injured to fight recklessly!
You are too injured to fight recklessly!
You are too injured to fight recklessly!
You are too injured to fight recklessly!
You are too injured to fight recklessly!
You are too injured to fight recklessly!
A kobold is nearby!
A kobold is nearby!
You tentacle-slap the kobold.
You kill the kobold!
You start resting. "How about this?"
Nothing appears to happen...
Ominous! 😮 HP[+1] Key pressed, stopping explore.
Xom snickers.
A monocle briefly appears over your right eye. 😎 HP[+4]
Your hp is fully restored (16).
(D) Dungeon
Where to? (? - help)
Okay, then.
a - 4 stones {throwing} You see here a +0 dagger {short}.
You see here a +0 scale mail.
You now have 33 gold pieces (gained 15).
Found a runed helmet.
A rat comes into view.
A rat is nearby!
A rat comes into view.
The rat bites you. 😕 HP[-3]
You take 3 damage, and now have 13/16 hp.
You closely miss the rat. Your grab misses the rat. The rat barely misses you.
You tentacle-slap the rat but do no damage.
You grab the rat. You constrict the rat. You tentacle-slap the rat.
You kill the rat!
The rat bites you. 😮 HP[-3]
You take 3 damage, and now have 10/16 hp.
You are too injured to fight recklessly!
You are too injured to fight recklessly!
You are too injured to fight recklessly!
You are too injured to fight recklessly!
You are too injured to fight recklessly!
You are too injured to fight recklessly!
You are too injured to fight recklessly!
You are too injured to fight recklessly!
You are too injured to fight recklessly!
You are too injured to fight recklessly!
You barely miss the rat. You grab the rat. You constrict the rat.
You kill the rat!
Unknown command.
Search for what [? for help]?
Okay, then.
Are you sure you want to abandon this character and quit the game? (Confirm with "yes".)
Okay, then.
Unknown command.
You aren't carrying any potions.
Unknown command.
Are you sure you want to abandon this character and quit the game? (Confirm with "yes".)

Action                   || total
-------------------------++-------
Melee: Unarmed           ||     6
       Constrict         ||     2
Dodge: Dodged            ||     2

Levels and vault maps discovered:
D:1:      psy_arrival_spokes, layout_loops_ring,
          shapermc_ecumenical_altar_acropolis

Notes
Turn   | Place    | Note
-------+----------+-------------------------------------------
     0 | D:1      | spaghetti the Octopode Chaos Knight began the quest for the
                  | Orb.
     0 | D:1      | Reached XP level 1. HP: 16/16 MP: 1/1
     0 | D:1      | magus.rc [v1.9.6]
     8 | D:1      | XOM: silly message
    26 | D:1      | XOM: silly message
    99 | D:1      | XOM: silly message
   131 | D:1      | Quit the game

Vanquished Creatures
  A kobold (D:1)
  2 rats (D:1)
3 creatures vanquished.

Table legend:
 A = Non-vault XP
 B = Vault XP
 C = Vault XP percentage of total XP
 D = Non-vault monster count
 E = Vault monster count
 F = Vault count percentage of total count
                 A         B        C        D         E       F
            +---------+---------+-------+---------+---------+-------
      Total |       3 |       0 |   0.0 |       3 |       0 |   0.0
            +---------+---------+-------+---------+---------+-------
        D:1 |       3 |       0 |   0.0 |       3 |       0 |   0.0
            +---------+---------+-------+---------+---------+-------

Illustrated notes

Table legend:
 A = Kills in this place as a percentage of kills in entire the game.
 B = Kills by you in this place as a percentage of kills by you in the entire game.
 C = Kills by friends in this place as a percentage of kills by friends in the entire game.
 D = Other kills in this place as a percentage of other kills in the entire game.
 E = Experience gained in this place as a percentage of experience gained in the entire game.
 F = Experience gained in this place divided by the number of levels of this place that you have seen.
                   A       B       C       D       E      F
               +-------+-------+-------+-------+-------+----------------------
         Total | 100.0 | 100.0 |   N/A |   N/A | 100.0 |   3.0
       Dungeon | 100.0 | 100.0 |   N/A |   N/A | 100.0 |   3.0
               +-------+-------+-------+-------+-------+----------------------

Table legend: (Time is in decaauts)
 A = Elapsed time spent in this place.
 B = Non-inter-level travel time spent in this place.
 C = Inter-level travel time spent in this place.
 D = Time resting spent in this place.
 E = Time spent auto-exploring this place.
 F = Levels seen in this place.
 G = Mean time per level.
                   A        B        C        D        E       F      G
               +--------+--------+--------+--------+--------+-----+--------+
         Total |    130 |    130 |      0 |     13 |     94 |   1 |  130.0 |
       Dungeon |    130 |    130 |      0 |     13 |     94 |   1 |  130.0 |
               +--------+--------+--------+--------+--------+-----+--------+

Top non-repeatable levels by time:
     D:1: 130 daAuts
